 Dungeon Crawl Stone Soup version 0.27-a0-1332-g84bddb5ca7 (webtiles) character file.

Game seed: 13286141183058646020

686 avis the Insei (level 7, -3/57 HPs)
             Began as a Demigod Transmuter on June 25, 2021.
             Succumbed to an orc wizard's poison
             ... on level 5 of the Dungeon.
             The game lasted 00:24:15 (5387 turns).

avis the Insei (Demigod Transmuter)                 Turns: 5387, Time: 00:24:15

Health: -3/57      AC:  2    Str: 15    XL:     7   Next: 13%
Magic:  10/12      EV: 20    Int: 15    God:
Gold:   134        SH:  0    Dex: 23    Spells: 5/9 levels left

rFire    . . .     SeeInvis .     - Unarmed
rCold    . . .     Faith    .   (shield currently unavailable)
rNeg     . . .     Spirit   .   (armour currently unavailable)
rPois    x         Reflect  .   (helmet currently unavailable)
rElec    .         Harm     .   (cloak currently unavailable)
rCorr    .         Rampage  .   (gloves currently unavailable)
Will     .....     Rnd*Rage +   (boots currently unavailable)
Stlth    ++........             (no amulet)
HPRegen  0.19/turn              (no ring)
MPRegen  0.13/turn              (no ring)

@: lethally poisoned (-3 -> -26), spider-form (expiring)
A: venomous fangs, tiny, high mp 1, forlorn, berserk 1, (cold resistance 1)
a: End Transformation


You were on level 5 of the Dungeon.
You were a venomous arachnid creature.
You visited 1 branch of the dungeon, and saw 5 of its levels.

You collected 134 gold pieces.

Inventory:

Hand Weapons
 l - a +0 dagger of draining
 p - a +0 hunting sling
Missiles
 d - 81 sling bullets
 f - 148 stones
 r - a throwing net
 v - 64 arrows
Armour
 a - a +0 robe (melded)
 e - a +0 leather armour
 q - a +1 ring mail of fire resistance
 t - a +0 cloak (melded)
Scrolls
 c - 2 scrolls of fear {unknown}
 h - a scroll of immolation {unknown}
 i - 3 scrolls of teleportation {unknown}
 j - 5 scrolls of identify {unknown}
 k - a scroll of blinking {unknown}
 n - a scroll of enchant weapon {unknown}
 o - a scroll of amnesia {unknown}
 u - a scroll of noise {unknown}
 y - a scroll of enchant armour {unknown}
Potions
 b - a potion of mutation
 g - 2 potions of attraction {unknown}
 m - 2 potions of flight {unknown}
 s - a potion of degeneration {unknown}
 w - 2 potions of heal wounds {unknown}
 x - a potion of brilliance {unknown}


   Skills:
 - Level 3.0 Fighting
 * Level 2.2 Dodging
 - Level 7.0 Unarmed Combat
 - Level 1.7 Spellcasting
 - Level 2.0 Transmutations
 - Level 1.0 Poison Magic


You had 5 spell levels left.
You knew the following spells:

 Your Spells              Type           Power      Damage    Failure   Level
a - Beastly Appendage     Tmut           14%        N/A       24%         1
p - Spider Form           Tmut/Pois      2%         N/A       58%         3

Your spell library contained the following spells:

 Spells                   Type           Power      Damage    Failure   Level
 Wereblood                Tmut           7%         N/A       34%         2
 Summon Small Mammal      Summ           4%         N/A       43%         1
 Call Imp                 Summ           1%         N/A       56%         2
 Call Canine Familiar     Summ           1%         N/A       77%         3
 Summon Guardian Golem    Hex/Summ       1%         N/A       77%         3
 Ice Form                 Ice/Tmut       4%         N/A       94%         4
 Summon Ice Beast         Ice/Summ       1%         N/A       98%         4
 Summon Lightning Spire   Summ/Air       1%         N/A       98%         4


Dungeon Overview and Level Annotations

Branches:
Dungeon (5/15)
 Temple: D:4-7

Shops:
D:1 *


Innate Abilities, Weirdness & Mutations

You are a venomous arachnid creature.
You have poisonous fangs.
You are tiny and dextrous.
Your spellcasting is less reliable in this form.
Your armour is entirely melded.
You are incapable of wielding weapons or throwing items.
Your attributes grow dramatically as you level up.
You have an increased reservoir of magic. (+10% MP)
You shall have no god before yourself.
You tend to lose your temper in combat.
((Your flesh is cold resistant. (rC+)))


Message History

Your +0 cloak melds into your body.
Your +0 robe melds into your body.
The orc priest calls down the wrath of Beogh upon you.
Beogh smites you!
You bite the orc priest!
The orc priest is poisoned.
The orc priest is severely wounded.
The orc priest misses you.
The orc wizard mumbles some strange words.
The orc wizard flickers and vanishes!
Deactivating autopickup; reactivate with Ctrl-A.
You bite the orc priest!
You kill the orc priest!
Your Dodging skill increases to level 2!
A magic dart appears from out of thin air!
The magic dart hits you! Something misses you.
You closely miss something. Something hits you.
You are poisoned.
You closely miss something.
Your transformation is almost over.
You feel very sick.
You barely miss something.
You feel very sick. Something hits you.
You are lethally poisoned!
You hit something.
* * * LOW HITPOINT WARNING * * *
You feel extremely sick. Something closely misses you.
Okay, then.
* * * LOW HITPOINT WARNING * * *
You feel very sick.
A magic dart appears from out of thin air!
The magic dart hits you!
* * * LOW HITPOINT WARNING * * *
It was a potion of mutation.
You feel extremely strange.
You feel your magical essence link to the dungeon's wands.
You feel a little pissed off.
Your magical essence no longer links to wands of the dungeon.
You feel resistant to cold.
You die...

. ....... ....###.####
##.#.#.#.# #.........##
...#.#.#.#########....<.
................##.#####
...................#####
.................#.....#
#.####..#######..#.....#
..#.####..# #..#.....#
.........s# #..#.....#
..#.####.## #..#.....#
#{# #..#.....# ...o..oo#
#......... ..>.o....
##.#.....# ##.####.##
#.#.....# # #.#
#........ #.. ########.
### ##


You could see an orc wizard and an orc.

Vanquished Creatures
  Sigmund (D:2)
  An ogre (D:4)
  3 orc priests
  A hound (D:5)
  3 iguanas
  An orc wizard (D:3)
  A killer bee zombie (D:3)
  2 hound skeletons (D:4)
  4 gnolls
  3 adders (D:2)
  A shadow imp (D:3)
  An adder skeleton (D:4)
  2 worms
  A dart slug (D:3)
  7 orcs
  3 endoplasms
  6 goblins
  6 hobgoblins
  8 jackals
  3 quokkas
  7 ball pythons
  6 bats
  2 frilled lizards (D:1)
  8 kobolds
  4 rats
85 creatures vanquished.

Notes
Turn   | Place    | Note
-------+----------+-------------------------------------------
     0 | D:1      | avis the Demigod Transmuter began the quest for the Orb.
     0 | D:1      | Reached XP level 1. HP: 15/15 MP: 5/5
   178 | D:1      | Reached skill level 3 in Unarmed Combat
   393 | D:1      | Reached XP level 2. HP: 22/22 MP: 4/7
   868 | D:2      | Noticed Sigmund
  1226 | D:2      | Reached XP level 3. HP: 24/27 MP: 6/8
  1280 | D:2      | HP: 1/27 [orc (5)]
  1282 | D:2      | Reached skill level 4 in Unarmed Combat
  1566 | D:2      | Learned a level 3 spell: Spider Form
  1660 | D:3      | Reached skill level 1 in Poison Magic
  1660 | D:3      | Reached skill level 1 in Fighting
  1930 | D:3      | Reached XP level 4. HP: 8/36 MP: 5/9
  2770 | D:2      | Killed Sigmund
  2771 | D:2      | Reached skill level 5 in Unarmed Combat
  2771 | D:2      | Reached XP level 5. HP: 34/45 MP: 7/10
  2771 | D:2      | Reached XP level 6. HP: 38/51 MP: 7/11
  3976 | D:3      | Reached skill level 6 in Unarmed Combat
  4988 | D:5      | Entered Level 5 of the Dungeon
  5075 | D:5      | Reached XP level 7. HP: 57/57 MP: 9/12
  5237 | D:5      | Reached skill level 7 in Unarmed Combat
  5386 | D:5      | HP: 2/57 [something/magic dart (8)]
  5387 | D:5      | Gained mutation: You expend magic power (3 MP) to
                  | strengthen your wands. [potion of mutation]
  5387 | D:5      | Gained mutation: You tend to lose your temper in combat.
                  | [potion of mutation]
  5387 | D:5      | Lost mutation: You expend magic power (3 MP) to strengthen
                  | your wands. [potion of mutation]
  5387 | D:5      | Gained mutation: Your flesh is cold resistant. (rC+)
                  | [potion of mutation]
  5387 | D:5      | Succumbed to an orc wizard's poison

Illustrated notes

Levels and vault maps discovered:
D:1:      moated_graveyard_arrival, layout_loops_ring, serial_shops,
          shop_fountains
D:2:      layout_basic, hellmonk_ecumenical_altar_arch_garden, uniq_sigmund
D:3:      layout_loops_ring, lemuel_crystal_altar, nicolae_vehumet_altar_sigil
D:4:      layout_rooms, minitemple
D:5:      layout_basic, marbit_many_paths, minmay_temple_entry_ruins

Skill      XL: |  1  2  3  4  5  6  7 |
---------------+----------------------+-----
Unarmed Combat | 3 4 5 6 7 |  7.0
Transmutations | 2 |  2.0
Poison Magic   | 1 |  1.0
Fighting       | 2 3 |  3.0
Dodging        | 2 |  2.2
Spellcasting   | |  1.7

Action                   |  1- 3 |  4- 6 |  7- 9 || total
-------------------------+-------+-------+-------++-------
Melee: Unarmed           |    79 |   132 |     7 ||   218
       Headbutt          |    11 |    10 |       ||    21
       Kick              |    14 |    13 |       ||    27
       Punch             |     1 |       |       ||     1
 Cast: Beastly Appendage |    30 |    16 |       ||    46
       Spider Form       |     3 |    18 |     3 ||    24
  Use: Potion            |       |       |     1 ||     1
 Stab: Sleeping          |     1 |       |     1 ||     2
Armor: Robe              |     6 |     9 |       ||    15
       Skin              |       |     3 |       ||     3
Dodge: Dodged            |    34 |   107 |     3 ||   144

Table legend: (Time is in decaauts)
 A = Elapsed time spent in this place.
 B = Non-inter-level travel time spent in this place.
 C = Inter-level travel time spent in this place.
 D = Time resting spent in this place.
 E = Time spent auto-exploring this place.
 F = Levels seen in this place.
 G = Mean time per level.
                   A        B        C        D        E       F      G
               +--------+--------+--------+--------+--------+-----+--------+
         Total |   5385 |   5129 |    256 |   2012 |   1925 |   5 | 1077.0 |
       Dungeon |   5385 |   5129 |    256 |   2012 |   1925 |   5 | 1077.0 |
               +--------+--------+--------+--------+--------+-----+--------+

Top non-repeatable levels by time:
     D:2: 1569 daAuts
     D:3: 1555 daAuts
     D:1: 1018 daAuts
     D:4: 863 daAuts
     D:5: 378 daAuts
